Map: Triton LE

Players

goatball

  • Race: Protoss Protoss
  • League: Platinum
  • Spawn Location: 5:00

ArtStyle - Winner!

  • Race: Protoss Protoss
  • League: Platinum
  • Spawn Location: 11:00

VOD

Have the link to the VOD?

Description

Time

  • Played on: Sept. 9, 2019, 10:44 p.m.
  • Length: 4:28
Show
View Real Time Build Order
Export as new Build Order

goatball Protoss 

Build Orders:  

Get SALT Encoding   

  12  0:01  Probe  
  13  0:13  Probe  
  14  0:18  Pylon  
  14  0:26  Probe  
  15  0:38  Probe  
  15  0:42  Gateway  
  16  0:48  Assimilator  
  16  0:50  Probe  
  17  1:02  Probe  
  18  1:15  Probe  
  19  1:29  Gateway  
  19  1:31  Gateway  
  19  1:37  Probe  
  19  1:39  Cybernetics Core  
  20  1:42  Pylon  
  20  1:49  Probe, Assimilator  
  21  2:01  Probe  
  22  2:10  Stalker  
  22  2:11  Stalker  
  22  2:13  Probe, Stalker  
  29  2:25  Probe  
  30  2:31  Pylon  
  30  2:37  Probe  
  31  2:50  Probe  
  32  3:02  Probe  
  33  3:09  Nexus  
  33  3:14  Probe  
  34  3:26  Probe  
  33  3:36  Zealot  
  33  3:45  Zealot, Robotics Facility  
  39  3:54  Shield Battery  
  39  4:08  Forge  
  39  4:21  Pylon  
  39  4:23  Pylon  
Show
View Real Time Build Order
Export as new Build Order

ArtStyle Protoss - Winner!

Build Orders:  

Get SALT Encoding   

  12  0:02  Probe  
  13  0:14  Probe  
  14  0:19  Pylon  
  14  0:26  Probe  
  15  0:38  Probe  
  15  0:40  Gateway  
  16  0:46  Assimilator  
  16  0:50  Probe  
  17  0:59  Assimilator  
  17  1:02  Probe  
  18  1:13  Pylon  
  18  1:14  Probe  
  19  1:26  Probe  
  19  1:27  Cybernetics Core  
  20  1:38  Probe  
  21  1:48  Gateway  
  21  1:50  Probe  
  21  1:52  Warp Gate  
  22  1:57  Gateway  
  22  2:06  Gateway  
  22  2:08  Stalker  
  24  2:33  Pylon  
  24  2:35  Stalker  
  26  2:38  Stalker  
  28  2:46  Stalker  
  30  2:54  Stalker  
  32  3:02  Pylon  
  32  3:19  Pylon  
  30  3:42  Stalker  
  30  3:43  Stalker x3  
  38  4:14  Stalker x2  
  42  4:17  Stalker x2  
Tags
 
Matchup
PvP
Spawn Locations
Cross Positions
Add a new tag
Caveats
  • Supply blocks, unpowered buildings, or Contaminate may cause inaccurate times.
  • Supply counts are checked every 10 seconds.